 Dungeon Crawl Stone Soup version 0.28-a0-906-g0406aca7d3 (webtiles) character file.

Game seed: 11085709634691947559

298 kae the Insei (level 6, -13/50 HPs)
             Began as a Draconian Transmuter on Nov 23, 2021.
             Was an Initiate of Qazlal.
             Mangled by an ogre (33 damage)
             ... on level 4 of the Dungeon.
             The game lasted 00:03:11 (3839 turns).

kae the Insei (Draconian Transmuter)                Turns: 3839, Time: 00:03:11

Health: -13/50     AC:  2    Str: 12    XL:     6   Next: 13%
Magic:  17/19      EV: 20    Int: 15    God:    Qazlal [......]
Gold:   176        SH:  5    Dex: 17    Spells: 6/10 levels left

rFire   . . .      SeeInvis .     - Unarmed
rCold   + . .      Faith    .   (shield currently unavailable)
rNeg    . . .      Spirit   .   (armour unavailable)
rPois   x          Reflect  +   (helmet currently unavailable)
rElec   .          Harm     .   (cloak currently unavailable)
rCorr   .          Rampage  .   (gloves currently unavailable)
Will    .....                   (boots currently unavailable)
Stlth   ++........              j - amulet of reflection
HPRegen 0.16/turn               i - ring of magical power
MPRegen 0.16/turn               h - ring of protection from cold

@: spider-form
A: venomous fangs, AC +6, tiny, unfitting armour, (cold-blooded)
a: End Transformation, Renounce Religion


You were on level 4 of the Dungeon.
You worshipped Qazlal.
Qazlal was noncommittal.
You were a venomous arachnid creature.
You visited 2 branches of the dungeon, and saw 5 of its levels.

You collected 176 gold pieces.

Inventory:

Armour
 k - a +0 cloak (melded)
Jewellery
 h - a ring of protection from cold (right front leg)
 i - a ring of magical power (left front leg)
 j - an amulet of reflection (around neck)
Scrolls
 b - 3 scrolls of teleportation
 c - 2 scrolls of immolation
 f - 2 scrolls of enchant armour
 g - 3 scrolls of identify
Potions
 a - 2 potions of flight
 d - a potion of heal wounds
 e - a potion of magic
 l - a potion of degeneration {unknown}


   Skills:
 + Level 2.6 Fighting
 + Level 2.6 Dodging
 * Level 4.4 Unarmed Combat
 + Level 2.7 Spellcasting
 * Level 3.2 Transmutations
 * Level 1.9 Poison Magic


You had 6 spell levels left.
You knew the following spells:

 Your Spells              Type           Power      Damage    Failure   Level
a - Beastly Appendage     Tmut           22%        N/A       16%         1
b - Spider Form           Tmut/Pois      9%         N/A       43%         3

Your spell library contained the following spells:

 Spells                   Type           Power      Damage    Failure   Level
 Wereblood                Tmut           11%        N/A       22%         2
 Pain                     Necr           8%         1d4       41%         1
 Ice Form                 Ice/Tmut       7%         N/A       87%         4
 Agony                    Necr           2%         N/A       100%        5
 Excruciating Wounds      Necr           1%         N/A       100%        5


Dungeon Overview and Level Annotations

Branches:
Dungeon (4/15)             Temple (1/1) D:4

Altars:
Ashenzari
Cheibriados
Dithmenos
Elyvilon
Fedhas
Gozag
Hepliaklqana
Kikubaaqudgha
Makhleb
Nemelex Xobeh
Okawaru
Qazlal
Ru
Sif Muna
Trog
Uskayaw
Vehumet
Wu Jian
Xom
Yredelemnul
Zin
The Shining One

Shops:
D:4 =

Annotations:
D:4 Dowan, Duvessa


Innate Abilities, Weirdness & Mutations

You are a venomous arachnid creature.
You have poisonous fangs.
You are tiny and dextrous.
Your spellcasting is less reliable in this form.
Your armour is entirely melded.
You are incapable of wielding weapons or throwing items.
((Your plain brown scales are hard. (AC +6)))
You cannot fit into any form of body armour.
((You are cold-blooded and may be slowed by cold attacks.))


Message History

You see here a +0 giant club.
Found a short sword.
l - a purple potion
Found 23 stones.
You now have 150 gold pieces (gained 15).
You now have 162 gold pieces (gained 12).
You now have 176 gold pieces (gained 14).
You see here 19 stones.
An ogre comes into view. It is wielding a +0 giant club.
Found a stone staircase leading down.
The ogre shouts!
You hear a shout!
An ogre is nearby!
An ogre is nearby!
An ogre is nearby!
An ogre is nearby!
Casting: Spider Form (dangerous; 22% risk of failure)
Confirm with . or Enter, or press ? or * to list all spells.
You turn into a venomous arachnid creature.
Your +0 cloak melds into your body.
A kobold comes into view. It is wielding a +0 short sword.
The kobold shouts!
You hit the ogre but do no damage.
You hear a shout!
You block the ogre's attack.
You bite the ogre!
The ogre is poisoned.
The ogre is moderately wounded.
The ogre hits you with a +0 giant club!!
Ouch! That really hurt!
You hear a shout!
You are too injured to fight recklessly!
You are too injured to fight recklessly!
You are too injured to fight recklessly!
You are too injured to fight recklessly!
You barely miss the ogre.
The ogre is moderately wounded.
You hit the ogre.
The ogre looks as sick as possible!
The ogre is heavily wounded.
The ogre hits you with a +0 giant club!!
Ouch! That really hurt!
You die...

..#..#.....#..#....... .....
.#...#.....#...#...... .....
....#.#...#.#......... ..........
...#...#.#...#........ ..........
....................# .o........
.#######..........# .......(.. #
##.......#.# ............
####.##..#.#..#...........
########....###.s................
...........## ##O.∩##.e.......<..
###........# ...## ..........
#........# ..#.# .........#
#........###.# .# .........#
#............ K# .....#####
#........#### >. ..... #
#..<.....# .. .... #........#
....


You could see Duvessa, an ogre (extremely poisoned) and a kobold.

Vanquished Creatures
  2 ogres (D:4)
  An orc priest (D:2)
  An iguana (D:4)
  2 worms
  2 dart slugs
  5 orcs (D:3)
  3 bats
  9 endoplasms
  A giant cockroach (D:3)
  3 goblins
  4 hobgoblins
  5 jackals
  8 kobolds
  3 quokkas
  2 ball pythons
  5 frilled lizards
  5 rats
61 creatures vanquished.

Notes
Turn   | Place    | Note
-------+----------+-------------------------------------------
     0 | D:1      | kae the Draconian Transmuter began the quest for the Orb.
     0 | D:1      | Reached XP level 1. HP: 16/16 MP: 3/3
   329 | D:1      | Reached XP level 2. HP: 10/23 MP: 3/5
   671 | D:1      | Found a faded altar of an unknown god.
  1335 | D:2      | Reached XP level 3. HP: 22/28 MP: 6/6
  1339 | D:2      | Learned a level 3 spell: Spider Form
  2035 | D:3      | Reached XP level 4. HP: 35/36 MP: 7/7
  2768 | D:4      | Noticed an ogre
  3042 | D:4      | Found Zagrenet's Jewellery Shoppe.
  3064 | D:3      | Reached skill level 4 in Unarmed Combat
  3200 | D:4      | Found a staircase to the Ecumenical Temple.
  3235 | D:4      | Reached skill level 1 in Poison Magic
  3248 | Temple   | Entered the Ecumenical Temple
  3384 | Temple   | Became a worshipper of Qazlal Stormbringer
  3478 | D:4      | Found a hazy altar of Hepliaklqana.
  3534 | D:4      | Noticed Duvessa
  3534 | D:4      | Noticed Dowan
  3534 | D:4      | Noticed an ogre
  3543 | D:4      | Killed an ogre
  3544 | D:4      | Reached XP level 5. HP: 11/42 MP: 9/9
  3651 | D:4      | Killed an ogre
  3652 | D:4      | Reached XP level 6. HP: 31/50 MP: 10/10
  3839 | D:4      | Mangled by an ogre

Illustrated notes

Levels and vault maps discovered:
D:1:      onia_arrival_handbag, layout_basic,
          dreamdust_ecumenical_altar_hidden_monk_grotto
D:2:      layout_loops_ring
D:3:      layout_basic
D:4:      layout_rooms, lemuel_doored_altar, minmay_temple_entry_junction,
          serial_shops, shop, minmay_splitting_lines, interstate_on_off,
          grunt_ministairs_12, uniq_duvessa
Temple:   compressed_dpeg_circular_temple

Skill      XL: |  1  2  3  4 |
---------------+-------------+-----
Dodging        | 2 |  2.6
Fighting       | 2 |  2.6
Unarmed Combat | 4 |  4.4
Poison Magic   | 1 |  1.9
Transmutations | 3 |  3.2
Spellcasting   | |  2.7

Action                   |  1- 3 |  4- 6 || total
-------------------------+-------+-------++-------
Melee: Unarmed           |    84 |    85 ||   169
       Headbutt          |    12 |     4 ||    16
       Kick              |     7 |    10 ||    17
       Tailslap          |     4 |     4 ||     8
       Punch             |       |     1 ||     1
 Cast: Beastly Appendage |    21 |    15 ||    36
       Spider Form       |     1 |     6 ||     7
  Use: Scroll            |     6 |     4 ||    10
Armor: Skin              |    25 |    23 ||    48
Dodge: Dodged            |    54 |    59 ||   113
Block: Other             |       |     4 ||     4

Table legend: (Time is in decaauts)
 A = Elapsed time spent in this place.
 B = Non-inter-level travel time spent in this place.
 C = Inter-level travel time spent in this place.
 D = Time resting spent in this place.
 E = Time spent auto-exploring this place.
 F = Levels seen in this place.
 G = Mean time per level.
                   A        B        C        D        E       F      G
               +--------+--------+--------+--------+--------+-----+--------+
         Total |   3833 |   3618 |    215 |    326 |   2709 |   5 |  766.6 |
       Dungeon |   3680 |   3503 |    177 |    326 |   2613 |   4 |  920.0 |
        Temple |    152 |    115 |     37 |      0 |     96 |   1 |  152.0 |
               +--------+--------+--------+--------+--------+-----+--------+

Top non-repeatable levels by time:
     D:3: 1123 daAuts
     D:1: 951 daAuts
     D:2: 928 daAuts
     D:4: 676 daAuts
  Temple: 152 daAuts
